 Dungeon Crawl Stone Soup version 0.27-a0-1081-ge8a0a9c698 (webtiles) character file.

Game seed: 2995384371400663495

2239 shoop the Cleaver (level 9, -1/59 (70) HPs)
             Began as a Hill Orc Fighter on Apr 25, 2021.
             Was a Follower of Fedhas.
             Slain by Joseph
             ... wielding a +1 quarterstaff of draining
              (6 damage)
             ... on level 7 of the Dungeon.
             The game lasted 00:13:23 (8713 turns).

shoop the Cleaver (Hill Orc Fighter)                Turns: 8713, Time: 00:13:25

HP:   -1/59 (70)    AC: 14    Str: 21    XL:     9   Next: 36%
MP:   13/13         EV:  3    Int:  8    God:    Fedhas [*.....]
Gold: 7             SH:  9    Dex: 14    Spells: 8/8 levels left

rFire    + . .     SeeInvis .   a - +0 war axe
rCold    . . .     Faith    .   c - +0 kite shield
rNeg     . . .     Spirit   .   E - +0 plate armour
rPois    .         Reflect  .   m - +0 helmet
rElec    .         Harm     +   x - scarf {harm}
rCorr    .         Rampage  .   p - +0 pair of gloves
Will     .....                  o - +0 pair of boots
Stlth    ..........             A - amulet of Evekk {Acrobat Dex+3}
HPRegen  0.19/turn              e - ring of protection from fire
MPRegen  0.13/turn              (no ring)

@: heavily drained
A: no striking features
a: Renounce Religion


You were on level 7 of the Dungeon.
You worshipped Fedhas.
Fedhas was aware of your devotion.
You visited 2 branches of the dungeon, and saw 8 of its levels.

You collected 168 gold pieces.
You spent 161 gold pieces at shops.

Inventory:

Hand Weapons
 a - a +0 war axe (weapon)
Armour
 b - a +0 scale mail
 c - a +0 kite shield (worn)
 m - a +0 helmet (worn)
 o - a +0 pair of boots (worn)
 p - a +0 pair of gloves (worn)
 x - a scarf of harm (worn)
 E - a +0 plate armour (worn)
Jewellery
 e - a ring of protection from fire (left hand)
 A - the amulet of Evekk (around neck) {Acrobat Dex+3}
   (You took it off an orc on level 4 of the Dungeon)

   [amulet of the acrobat]

   It increases your evasion while moving and waiting.
   It affects your dexterity (+3).
Wands
 s - a wand of flame (14)
 y - a wand of digging (6)
Scrolls
 f - 3 scrolls of magic mapping
 g - a scroll of noise {unknown}
 h - a scroll of amnesia {unknown}
 i - 2 scrolls of blinking {unknown}
 k - 2 scrolls of identify {unknown}
 l - 2 scrolls of acquirement {unknown}
 u - 2 scrolls of silence {unknown}
 v - a scroll of holy word {unknown}
 w - a scroll of fear {unknown}
 C - 2 scrolls of fog
 D - a scroll of teleportation {unknown}
 F - a scroll of enchant weapon
Potions
 d - a potion of might
 j - a potion of heal wounds {unknown}
 n - a potion of degeneration {unknown}
 q - 5 potions of curing {unknown}
 r - 2 potions of lignification {unknown}
 t - 2 potions of magic {unknown}
 z - a potion of attraction {unknown}
 B - a potion of ambrosia {unknown}


   Skills:
 - Level 3.6 Fighting
 + Level 13.5 Axes
 + Level 3.2 Armour
 - Level 3.2 Shields
 + Level 6.2 Invocations
 - Level 3.0 Evocations


You had 8 spell levels left.
You didn't know any spells.
Your spell library contained the following spells:

 Spells                   Type           Power      Damage    Failure   Level
 Magic Dart               Conj           0%         1d3       100%        1
 Searing Ray              Conj           0%         3d3       100%        2
 Dazzling Flash           Conj/Hex       0%         N/A       100%        3
 Fulminant Prism          Conj/Hex       0%         3d6       100%        4
 Iskenderun's Mystic Bla  Conj/Tloc      0%         2d3       100%        4


Dungeon Overview and Level Annotations

Branches:
Dungeon (7/15)             Temple (1/1) D:5

Altars:
Cheibriados
Dithmenos
Fedhas
Gozag
Hepliaklqana
Kikubaaqudgha
Makhleb
Nemelex Xobeh
Okawaru
Qazlal
Ru
Trog
Uskayaw
Vehumet
Wu Jian
Xom
Yredelemnul
Zin
The Shining One

Shops:
D:6 *[:(

Annotations:
D:4 2 transporters
D:7 Joseph


Message History

The sling bullet hits you!
You slash Joseph!
Joseph is moderately wounded.
Joseph unwields a +0 hunting sling.
Joseph wields a +1 quarterstaff of draining.
You sense an unholy aura.
You block Joseph's attack.
Your shield and plate armour prevent you from hitting Joseph.
Joseph is moderately wounded.
Joseph barely misses you.
Okay, then.
You hit Joseph.
Joseph is heavily wounded.
Joseph hits you with a +1 quarterstaff of draining!
You feel drained.
You hit Joseph.
Joseph is heavily wounded.
Joseph hits you with a +1 quarterstaff of draining!
You feel drained.
You closely miss Joseph.
Joseph is heavily wounded.
Joseph hits you with a +1 quarterstaff of draining.
You feel drained.
You barely miss Joseph.
Joseph is heavily wounded.
You block Joseph's attack.
You hit Joseph.
Joseph is heavily wounded.
You block Joseph's attack.
You hit Joseph but do no damage.
Joseph is heavily wounded.
Joseph hits you but does no damage.
You feel drained.
You barely miss Joseph.
Joseph is heavily wounded.
Joseph hits you with a +1 quarterstaff of draining.
You feel drained.
Joseph hits you with a +1 quarterstaff of draining!
* * * LOW HITPOINT WARNING * * *
You feel drained.
You die...
Fedhas appreciates your contribution to the ecosystem.

#.( .. #... .#
#...##.# #
#......#.# ##
#..##<.#.### ..
#..#.......###.
#........#.#..
####..####.#@##
#....##.#@.#..#
#.##........#
#.#####.#.###
#.. ...#... ###
#########


You could see Joseph.

Vanquished Creatures
  Edmund (D:5)
  Menkaure (D:4)
  A sky beast (D:6)
  2 ogres (D:6)
  4 phantoms
  3 scorpions
  A gnoll sergeant (D:5)
  A water moccasin skeleton (D:6)
  4 wights (D:6)
  A howler monkey (D:3)
  A bullfrog zombie (D:5)
  6 orc priests
  4 hounds
  A jelly (D:4)
  A centaur skeleton (D:5)
  A centaur zombie (D:6)
  Ijyb (D:4)
  Natasha (thrice) (D:2)
  An iguana (D:6)
  4 orc wizards
  A hound skeleton (D:5)
  Robin (D:2)
  8 gnolls
  7 adders
  4 ufetubi (D:5)
  A worm (D:2)
  A dart slug (D:2)
  22 orcs
  3 bats
  9 endoplasms
  3 giant cockroaches
  16 goblins
  16 hobgoblins
  6 jackals (D:4)
  7 kobolds
  5 quokkas
  4 ball pythons
  5 frilled lizards
  A quokka skeleton (D:4)
  4 rats
166 creatures vanquished.

Vanquished Creatures (others)
  6 plants (D:3)
6 creatures vanquished.

Grand Total: 172 creatures vanquished

Notes
Turn   | Place    | Note
-------+----------+-------------------------------------------
     0 | D:1      | shoop the Hill Orc Fighter began the quest for the Orb.
     0 | D:1      | Reached XP level 1. HP: 19/19 MP: 1/1
    25 | D:1      | Reached skill level 3 in Axes
   359 | D:1      | Reached XP level 2. HP: 26/26 MP: 2/2
   569 | D:1      | Reached skill level 4 in Axes
  1246 | D:2      | Noticed Natasha
  1248 | D:2      | Reached XP level 3. HP: 23/31 MP: 3/3
  1457 | D:2      | Killed Natasha
  1458 | D:2      | Reached skill level 5 in Axes
  1696 | D:2      | Noticed Natasha
  1699 | D:2      | Killed Natasha
  1700 | D:2      | Reached XP level 4. HP: 39/39 MP: 4/4
  1720 | D:2      | Noticed Natasha
  1739 | D:2      | Killed Natasha
  1740 | D:2      | Reached skill level 6 in Axes
  1955 | D:2      | Reached XP level 5. HP: 29/45 MP: 5/5
  2072 | D:2      | Found a glowing silver altar of Zin.
  2198 | D:2      | Reached skill level 7 in Axes
  2335 | D:2      | Noticed Robin
  2364 | D:2      | Killed Robin
  3250 | D:3      | Reached skill level 8 in Axes
  3250 | D:3      | Reached XP level 6. HP: 30/51 MP: 6/6
  3492 | D:3      | Found a faded altar of an unknown god.
  4216 | D:4      | Reached skill level 9 in Axes
  4235 | D:4      | Noticed Ijyb
  4262 | D:4      | Killed Ijyb
  4264 | D:4      | Reached XP level 7. HP: 20/57 MP: 7/7
  4542 | D:4      | Found a transporter.
  4558 | D:4      | Found a transporter.
  4754 | D:4      | Reached skill level 1 in Evocations
  4810 | D:4      | Noticed Menkaure
  4857 | D:4      | Killed Menkaure
  4858 | D:4      | Reached skill level 10 in Axes
  5171 | D:4      | Found a shimmering altar of Xom.
  5442 | D:5      | Entered Level 5 of the Dungeon
  5452 | D:5      | Noticed Edmund
  5464 | D:5      | Killed Edmund
  5636 | D:5      | Reached XP level 8. HP: 64/64 MP: 8/8
  5678 | D:4      | Reached skill level 11 in Axes
  5838 | D:5      | Found a burning altar of Makhleb.
  6147 | D:5      | Identified the amulet of Evekk {Acrobat Dex+3}
  6504 | D:4      | Reached skill level 12 in Axes
  6701 | D:5      | Found a staircase to the Ecumenical Temple.
  6708 | Temple   | Entered the Ecumenical Temple
  6796 | Temple   | Became a worshipper of Fedhas Madash
  7031 | D:6      | Reached skill level 1 in Invocations
  7384 | D:6      | Found Awny's Antique Weapon Boutique.
  7431 | D:6      | Found a basalt altar of Yredelemnul.
  7471 | D:6      | Found Huca's Armour Boutique.
  7584 | D:6      | Reached XP level 9. HP: 43/70 MP: 10/12
  7715 | D:6      | Reached skill level 13 in Axes
  7721 | D:6      | Reached skill level 5 in Invocations
  7905 | D:6      | Found Ibuyl's General Store.
  7923 | D:6      | Bought a scroll of fog for 28 gold pieces
  7943 | D:6      | Reached * piety under Fedhas
  7967 | D:6      | Found Xyrghimido's Book Emporium.
  7978 | D:6      | Found a stormy altar of Qazlal.
  8674 | D:6      | Bought a scroll of enchant weapon for 105 gold pieces
  8674 | D:6      | Bought a scroll of fog for 28 gold pieces
  8703 | D:7      | Noticed Joseph
  8713 | D:7      | Slain by Joseph

Illustrated notes

Levels and vault maps discovered:
D:1:      minmay_arrival_checkered_box, layout_basic
D:2:      layout_basic, minmay_misc_feat_doors, minmay_hexomino_r4, uniq_robin,
          uniq_natasha
D:3:      wad_crossroads, layout_basic, chequers_ecumenical_altar_lobes,
          nrook_mini_vaults
D:4:      gammafunk_wand_slinger, layout_basic, marbit_many_paths,
          grunt_ministairs_14, uniq_ijyb, uniq_menkaure
D:5:      layout_rooms, lightli_temple_of_fire, minmay_temple_entry_nine_rooms,
          uniq_edmund
D:6:      layout_gridville, nicolae_qazlal_scattered_showers,
          yredelemnul_altar_generic, serial_shops, shop, shop, shop,
          nicolae_shop_waterfront, serial_rivers,
          chequers_serial_rivers_small_a, chequers_serial_rivers_large_a,
          chequers_serial_rivers_room_a, chequers_serial_rivers_micro_e,
          chequers_serial_rivers_micro_c
D:7:      layout_loops_cross, eino_jars, uniq_joseph, uniq_crazy_yiuf_cottage
Temple:   eino_temple_scatter_basement

Skill      XL: |  1  2  3  4  5  6  7  8  9 |
---------------+----------------------------+-----
Axes           | 3 4 5 6 8 9 10 12 13 | 13.5
Evocations     | 3 |  3.0
Invocations    | 4 6 |  6.2
Fighting       | |  3.6
Armour         | |  3.2
Shields        | |  3.2

Action                   |  1- 3 |  4- 6 |  7- 9 || total
-------------------------+-------+-------+-------++-------
Melee: War axe           |    92 |   192 |   347 ||   631
Evoke: Wand              |       |       |     1 ||     1
  Use: Scroll            |       |     1 |       ||     1
       Potion            |       |       |     1 ||     1
Armor: Scale mail        |    53 |   102 |   161 ||   316
       Plate armour      |       |       |     1 ||     1
Dodge: Dodged            |    31 |    53 |    93 ||   177
Block: Kite shield       |    54 |    87 |   150 ||   291

Table legend: (Time is in decaauts)
 A = Elapsed time spent in this place.
 B = Non-inter-level travel time spent in this place.
 C = Inter-level travel time spent in this place.
 D = Time resting spent in this place.
 E = Time spent auto-exploring this place.
 F = Levels seen in this place.
 G = Mean time per level.
                   A        B        C        D        E       F      G
               +--------+--------+--------+--------+--------+-----+--------+
         Total |   8907 |   8615 |    292 |   1669 |   5430 |   8 | 1113.4 |
       Dungeon |   8804 |   8527 |    277 |   1669 |   5350 |   7 | 1257.7 |
        Temple |    103 |     88 |     15 |      0 |     80 |   1 |  103.0 |
               +--------+--------+--------+--------+--------+-----+--------+

Top non-repeatable levels by time:
     D:4: 1804 daAuts
     D:6: 1773 daAuts
     D:2: 1530 daAuts
     D:1: 1470 daAuts
     D:3: 1247 daAuts
     D:5: 954 daAuts
  Temple: 103 daAuts
     D:7: 24 daAuts
